 Dungeon Crawl Stone Soup version 0.20-a0-386-g2d247ea (console) character file.

486866 Lightli the Ninja (level 27, 238/249 HPs) *WIZ*
             Began as a Human Earth Elementalist on Oct 26, 2019.
             Was an Initiate of Pakellas.
             Quit the game on level 1 of the Dungeon on Nov 2, 2019.
             The game lasted 00:11:40 (1540 turns).

Lightli the Ninja (Human Earth Elementalist)        Turns: 1540, Time: 00:11:41

Health: 238/249    AC:  6    Str: 72    XL:     27
Magic:  54/54      EV: 49    Int:  1    God:    Pakellas 15 (0)
Gold:   0          SH:  0    Dex: 72    Spells: 70/80 levels left

rFire  . . .     SeeInvis .     c - +9 rod of ignition (13/13)
rCold  + . .     Gourm    .     (no armour)
rNeg   + + +     Faith    .     (no shield)
rPois  ∞         Spirit   .     (no helmet)
rElec  .         Reflect  .     (no cloak)
rCorr  .         Harm     .     (no gloves)
MR     +++..                    (no boots)
Stlth  ++++++++++               (no amulet)
                                (no ring)
                                (no ring)

@: lich-form
A: no striking features
a: End Transformation, Renounce Religion


You were on level 1 of the Dungeon.
You worshipped Pakellas.
Pakellas was noncommittal.
You were not hungry.
You were a lich.
You visited 1 branch of the dungeon, and saw 1 of its levels.

Inventory:

Missiles
 b - 29 stones (quivered)
Rods
 c - a +9 rod of ignition (13/13) (in hand) (Your wizardly powers created it on level 1 of the Dungeon)
Scrolls
 a - a scroll of teleportation
Books
 d - a book of Geomancy

   Spells                             Type                      Level
   a - Sandblast                      Earth                        1
   b - Passwall                       Transmutation/Earth          2
   c - Stone Arrow                    Conjuration/Earth            3
   d - Petrify                        Transmutation/Earth          4
   e - Lee's Rapid Deconstruction     Earth                        5


   Skills:
 O Level 27 Fighting
 O Level 27 Short Blades
 O Level 27 Long Blades
 O Level 27 Axes
 O Level 27 Maces & Flails
 O Level 27 Polearms
 O Level 27 Staves
 O Level 27 Slings
 O Level 27 Bows
 O Level 27 Crossbows
 O Level 27 Throwing
 O Level 27 Armour
 O Level 27 Dodging
 O Level 27 Stealth
 O Level 27 Shields
 O Level 27 Unarmed Combat
 O Level 27 Spellcasting
 O Level 27 Conjurations
 O Level 27 Hexes
 O Level 27 Charms
 O Level 27 Summonings
 O Level 27 Necromancy
 O Level 27 Translocations
 O Level 27 Transmutations
 O Level 27 Fire Magic
 O Level 27 Ice Magic
 O Level 27 Air Magic
 O Level 27 Earth Magic
 O Level 27 Poison Magic
 O Level 27 Invocations
 O Level 27 Evocations


You had 70 spell levels left.
You knew the following spells:

 Your Spells              Type           Power        Failure   Level  Hunger
a - Sandblast             Erth           6 (50)       0%          1    N/A
b - Fire Storm            Conj/Fire      6 (200)      21%         9    N/A

Dungeon Overview and Level Annotations

Branches:
Dungeon (1/15)

Altars:


Message History

c - a +9 rod of ignition (13/13) a - plus b - plus2 c - special d - quantity e - flags ESC - exit Which field?
c - a +9 rod of ignition (13/13) a - plus b - plus2 c - special d - quantity e - flags ESC - exit Which field?
Old value: 9 (0x0009) New value?
Okay, then.
Wield which item (- for none, * to show all)? (? for menu, Esc to quit)
c - a +9 rod of ignition (13/13) (in hand) Unknown command.
Welcome back, Lightli the Human Earth Elementalist.
Pakellas says: What solutions will you come up with next?
Press ? for a list of commands and other information.
Unknown command.
Enter Wizard Command (? - help): Which god (by name)?
That god doesn't seem to exist!
Are you sure you want to abandon this character and quit the game? (Confirm with "yes".)

#.... ######
###.... ....).
#......##......
#..............
#..............
#............
#####.......#
#...........#
#........L..#
#...........#..
#...............
#........##......
##.......##......
#.........#(.....
#.........##.....
#.........###.##.
#............>.


There were no monsters in sight!

Vanquished Creatures
  A dart slug (D:1)
  A bat (D:1)
  A giant cockroach (D:1)
  A rat (D:1)
4 creatures vanquished.

Vanquished Creatures (collateral kills)
  A hobgoblin (D:1)
1 creature vanquished.

Grand Total: 5 creatures vanquished

Notes
Turn   | Place    | Note
-------+----------+-------------------------------------------
     0 | D:1      | Lightli the Draconian Earth Elementalist began the quest for the Orb.
     0 | D:1      | Reached XP level 1. HP: 14/14 MP: 3/3
    70 | D:1      | Entered wizard mode.
    70 | D:1      | Reached XP level 2. HP: 63/63 MP: 0/30
    70 | D:1      | Reached XP level 3. HP: 70/70 MP: 0/31
    70 | D:1      | Reached XP level 4. HP: 78/78 MP: 0/33
    70 | D:1      | Reached XP level 5. HP: 85/85 MP: 0/34
    70 | D:1      | Reached XP level 6. HP: 93/93 MP: 0/36
    70 | D:1      | Reached XP level 7. HP: 100/100 MP: 0/37
    70 | D:1      | Reached XP level 8. HP: 108/108 MP: 0/39
    70 | D:1      | Reached XP level 9. HP: 115/115 MP: 0/40
    70 | D:1      | Reached XP level 10. HP: 123/123 MP: 0/41
    70 | D:1      | Reached XP level 11. HP: 130/130 MP: 0/42
    70 | D:1      | Reached XP level 12. HP: 138/138 MP: 0/43
    70 | D:1      | Reached XP level 13. HP: 145/145 MP: 0/44
    70 | D:1      | Reached XP level 14. HP: 153/153 MP: 0/45
    70 | D:1      | Reached XP level 15. HP: 159/159 MP: 0/46
    70 | D:1      | Reached XP level 16. HP: 167/167 MP: 0/47
    70 | D:1      | Reached XP level 17. HP: 174/174 MP: 0/48
    70 | D:1      | Reached XP level 18. HP: 182/182 MP: 0/49
    70 | D:1      | Reached XP level 19. HP: 189/189 MP: 0/50
    70 | D:1      | Reached XP level 20. HP: 197/197 MP: 0/51
    70 | D:1      | Reached XP level 21. HP: 204/204 MP: 0/52
    70 | D:1      | Reached XP level 22. HP: 212/212 MP: 0/53
    70 | D:1      | Reached XP level 23. HP: 219/219 MP: 0/54
    70 | D:1      | Reached XP level 24. HP: 227/227 MP: 0/54
    70 | D:1      | Reached XP level 25. HP: 234/234 MP: 0/54
    70 | D:1      | Reached XP level 26. HP: 242/242 MP: 0/54
    70 | D:1      | Reached XP level 27. HP: 249/249 MP: 0/54
   487 | D:1      | Learned a level 9 spell: Fire Storm
  1203 | D:1      | Paralysed by fainting for 7 turns
  1215 | D:1      | Paralysed by fainting for 9 turns
  1379 | D:1      | Paralysed by fainting for 5 turns
  1407 | D:1      | Paralysed by fainting for 11 turns
  1419 | D:1      | Paralysed by fainting for 12 turns
  1432 | D:1      | Paralysed by fainting for 7 turns
  1468 | D:1      | Paralysed by fainting for 5 turns
  1473 | D:1      | Paralysed by fainting for 5 turns
  1536 | D:1      | Became a worshipper of Pakellas the Inventive
  1538 | D:1      | Identified a -3 rod of ignition (13/13) (Your wizardly powers created it on level 1 of the Dungeon)
  1540 | D:1      | Quit the game

Vault maps used:
D:1:      minmay_arrival_loop, minivault_24

Action                   |  1- 3 |  4- 6 |  7- 9 | 10-12 | 13-15 | 16-18 | 19-21 | 22-24 | 25-27 || total
-------------------------+-------+-------+-------+-------+-------+-------+-------+-------+-------++-------
Melee: Unarmed           |       |       |       |       |       |       |       |       |     3 ||     3
 Cast: Sandblast         |     1 |       |       |       |       |       |       |       |       ||     1
  Use: Potion            |       |       |       |       |       |       |       |       |     1 ||     1
  Eat: Fruit             |       |       |       |       |       |       |       |       |     3 ||     3
       Bread ration      |       |       |       |       |       |       |       |       |     1 ||     1
Dodge: Dodged            |     1 |       |       |       |       |       |       |       |   134 ||   135
